 Dungeon Crawl Stone Soup version 0.30-a0-1124-g6e8f0f562f (webtiles) character file.

Game seed: 6455172246896392390

1025 Darkkill the Shooter (level 8, -1/105 HPs)
             Began as a Minotaur Hunter on Apr 23, 2023.
             Succumbed to a water moccasin's poison
             ... on level 5 of the Dungeon.
             The game lasted 00:10:28 (4340 turns).

Darkkill the Shooter (Minotaur Hunter)              Turns: 4340, Time: 00:10:29

Health: -1/105     AC: 24    Str: 16    XL:     8   Next: 2%
Magic:  7/7        EV:  2    Int:  6    God:
Gold:   303        SH:  0    Dex: 16    Spells: 7/7 levels left

rFire   . . .        a - +1 shortbow
rCold   . . .        (shield currently unavailable)
rNeg    . . .        c - melded +0 leather armour
rPois   +            (helmet currently unavailable)
rElec   .            (cloak currently unavailable)
rCorr   .            (gloves currently unavailable)
SInv    .            (boots currently unavailable)
Will    .....        (no amulet)
Stlth   +++          (no ring)
HPRegen 0.37/turn    (no ring)
MPRegen 0.10/turn

%: no passive effects
@: lethally poisoned (-1 -> -8), tree-form
A: stationary, stasis, torment immunity, boosted hp, (horns 2), (retaliatory
headbutt)
a: no special abilities


You were on level 5 of the Dungeon.
You were a tree.
You visited 1 branch of the dungeon, and saw 5 of its levels.

You collected 303 gold pieces.

Inventory:

Hand Weapons
 a - a +1 shortbow (weapon)
 b - a +1 scythe
Missiles
 d - 5 curare-tipped darts {=f !f}
 f - 25 stones
 j - 3 poisoned darts
 k - 2 javelins
 r - 2 boomerangs
Armour
 c - a +0 leather armour (melded)
Wands
 p - a wand of charming (4)
Scrolls
 e - a scroll of identify {@r1}
 g - 2 scrolls of silence {unknown}
 l - 4 scrolls of immolation
 o - a scroll of amnesia
Potions
 h - a potion of lignification
 i - a potion of brilliance
 m - a potion of haste


   Skills:
 + Level 6.1 Fighting
 + Level 6.7 Ranged Weapons
 + Level 5.4 Dodging
 + Level 4.1 Stealth


You had 7 spell levels left.
You didn't know any spells.
Your spell library contained the following spells:

 Spells                   Type           Power      Damage    Failure   Level
 Freeze                   Ice            0%         1d3       45%         1
 Kiss of Death            Conj/Necr      0%         2d5       45%         1
 Ensorcelled Hibernation  Hex/Ice        0%         N/A       58%         2
 Passwall                 Tmut/Erth      0%         N/A       58%         2
 Confusing Touch          Hex            0%         N/A       83%         3
 Frozen Ramparts          Ice            0%         1d1       83%         3
 Hailstorm                Conj/Ice       0%         3d3       83%         3
 Swiftness                Air            0%         N/A       83%         3
 Dispel Undead            Necr           0%         3d6       99%         4


Dungeon Overview and Level Annotations

Branches:
Dungeon (5/15)
 Temple: D:4-7

Altars:
Xom

Annotations:
D:5 Pikel


Innate Abilities, Weirdness & Mutations

You are a tree.
Your roots penetrate the ground, keeping you stationary.
You cannot be teleported.
You are immune to unholy pain and torment.
Your maximum health is greatly increased.
Your equipment is partially melded.
((You have a pair of horns on your head.))
((You reflexively headbutt those who attack you in melee.))


Message History

No target in view!
HP restored.
You now have 303 gold pieces (gained 7).
g - 2 scrolls labelled TAEHURIAMU No target in view!
No target in view!
No target in view!
n - a scroll of fear No target in view!
You open the door.
Pikel and 2 lemures come into view.
Pikel is wielding a +1 whip of electrocution.
Aiming: Charm
Press: ? - help, Q - select action, (/) - cycle Shift-Dir - straight line, f - Pikel
Aim: Pikel, wielding a +1 whip of electrocution and wearing a +0 robe (asleep, chance to affect: 49%) Pikel is charmed.
With Pikel's spell broken, his former minions thank you for their freedom.
The lemure departs this earthly plane. x2
There is an open door here.
You swap places.
Found 14 gold pieces.
Pikel is no longer charmed.
You shoot an arrow.
The arrow hits Pikel but does no damage.
Pikel hits you with a +1 whip of electrocution.
You are electrocuted!
You shoot an arrow.
The arrow hits Pikel but does no damage.
Pikel hits you with a +1 whip of electrocution.
You are electrocuted!
Pikel closely misses you.
Aiming: Charm
Press: ? - help, Q - select action, (/) - cycle Shift-Dir - straight line, f/p - Pikel
Aim: Pikel, wielding a +1 whip of electrocution and wearing a +0 robe (chance to affect: 49%) Pikel is charmed.
A water moccasin comes into view.
The water moccasin bites you.
The water moccasin bites you but does no damage.
Pikel hits the water moccasin with a +1 whip of electrocution.
Sorry, you're not good enough to have a special ability.
What are your orders? t - Shout!
Orders for allies: a - Attack new target. p - Attack previous target. r - Retreat! s - Stop attacking. g - Guard the area. f - Follow me.
Anything else - Cancel.
Gang up on whom?
Press: ? - help, Dir - move target, f - water moccasin, p - Pikel
Aim: a water moccasin (lightly wounded) Attack!
The water moccasin bites you. The water moccasin barely misses you.
Pikel hits the water moccasin with a +1 whip of electrocution.
The water moccasin barely misses you. You furiously retaliate!
You headbutt the water moccasin! The water moccasin bites you.
You are poisoned.
The water moccasin poisons you!
Pikel closely misses the water moccasin.
You feel very sick.
The water moccasin attacks as you move away!
The water moccasin bites you!
* * * LOW HITPOINT WARNING * * *
You are lethally poisoned!
The water moccasin poisons you!
* * * LOW HITPOINT WARNING * * *
You feel very sick. The water moccasin barely misses you.
Pikel hits the water moccasin with a +1 whip of electrocution.
Lightning courses through the water moccasin!
The water moccasin dies!
Your Fighting skill increases to level 6!
You have reached level 8!
You feel stronger.
Really quaff the potion of lignification?
You turn into a tree.
Your +0 leather armour melds into your body.
Your roots penetrate the ground.
* * * LOW HITPOINT WARNING * * *
You feel very sick.
Pikel is no longer charmed.
Read: scroll of fear
Press: ? - help, Q - select action, (/) - cycle Dir - look around, f - activate Look: Pikel, wielding a +1 whip of electrocution and wearing a +0 robe (chance to affect: 97%)
As you read the scroll of fear, it crumbles to dust.
You assume a fearsome visage.
Pikel looks frightened!
* * * LOW HITPOINT WARNING * * *
You feel very sick.
Unknown command.
There is a lethal amount of poison in your body!
Fire: a) +1 shortbow
Press: ? - help, Q - select action, (/) - cycle Shift-Dir - straight line, f/p - Pikel
Aim: Pikel, wielding a +1 whip of electrocution and wearing a +0 robe (fleeing, 61% to hit)
You shoot an arrow.
The arrow hits Pikel but does no damage.
Your attack snaps Pikel out of his fear.
* * * LOW HITPOINT WARNING * * *
You feel very sick.
Fire: a) +1 shortbow
Press: ? - help, Q - select action, (/) - cycle Shift-Dir - straight line, f/p - Pikel
Aim: Pikel, wielding a +1 whip of electrocution and wearing a +0 robe (61% to hit)
You shoot an arrow. The arrow closely misses Pikel.
You die...

#..## ##.......## #. #.##
##.....######. #.#
##...........
#.##########..##### #.
#####.##..........#######.
#.........#####...##...##.
#.###.##..#####...#.......
#....K........†.....#.
####.♣####............
#..........##...###
#.........#######
..######### ####


You could see Pikel.

Vanquished Creatures
  Sigmund (D:2)
  Duvessa (D:4)
  A black bear (D:5)
  2 scorpions
  Dowan (D:4)
  2 jellies (D:4)
  2 orc priests (D:4)
  2 hounds (D:4)
  Terence (D:3)
  An orc wizard (D:4)
  Natasha (twice) (D:2)
  3 adders
  2 dart slugs
  8 orcs
  9 endoplasms
  4 giant cockroaches
  4 goblins
  6 hobgoblins
  3 jackals (D:1)
  6 kobolds
  2 quokkas
  2 training dummies (D:4)
  9 ball pythons
  5 bats
  3 frilled lizards
  5 rats
87 creatures vanquished.

Vanquished Creatures (collateral kills)
  A water moccasin (D:5)
1 creature vanquished.

Grand Total: 88 creatures vanquished

Notes
Turn   | Place    | Note
-------+----------+-------------------------------------------
     0 | D:1      | Darkkill the Minotaur Hunter began the quest for the Orb.
     0 | D:1      | Reached XP level 1. HP: 18/18 MP: 0/0
   123 | D:1      | Reached skill level 1 in Stealth
   253 | D:1      | Reached XP level 2. HP: 25/25 MP: 1/1
   694 | D:2      | Reached XP level 3. HP: 31/31 MP: 2/2
   712 | D:2      | Noticed Natasha
   718 | D:2      | Killed Natasha
  1007 | D:2      | Reached XP level 4. HP: 37/38 MP: 3/3
  1199 | D:2      | Noticed Sigmund
  1210 | D:2      | Killed Sigmund
  1211 | D:2      | Reached skill level 5 in Ranged Weapons
  1211 | D:2      | Reached XP level 5. HP: 12/46 MP: 4/4
  1546 | D:2      | Noticed Natasha
  1822 | D:2      | Killed Natasha
  1823 | D:2      | Reached XP level 6. HP: 43/53 MP: 5/5
  2023 | D:3      | Found a faded altar of an unknown god.
  2147 | D:3      | Noticed Terence
  2156 | D:3      | Killed Terence
  3237 | D:4      | HP: 7/55 [scorpion (5)]
  3238 | D:4      | Reached skill level 5 in Fighting
  3238 | D:4      | Reached XP level 7. HP: 8/61 MP: 6/6
  3324 | D:4      | Found a shimmering altar of Xom.
  3359 | D:4      | Noticed Duvessa
  3360 | D:4      | Noticed Dowan
  3370 | D:4      | HP: 11/61 [Duvessa/+0 short sword (5)]
  3378 | D:4      | Killed Duvessa
  3707 | D:4      | Killed Dowan
  4088 | D:4      | Reached skill level 5 in Dodging
  4200 | D:5      | Entered Level 5 of the Dungeon
  4280 | D:5      | Noticed Pikel
  4336 | D:5      | HP: 12/62 [water moccasin (9)]
  4337 | D:5      | Reached XP level 8. HP: 7/70 MP: 7/7
  4338 | D:5      | HP: 4/105 [poisoned by a water moccasin]
  4340 | D:5      | Succumbed to a water moccasin's poison

Illustrated notes

Levels and vault maps discovered:
D:1:      scummos_arrival_star, layout_loops_cross
D:2:      wad_river_or_something, layout_loops_ring, uniq_sigmund, uniq_natasha
D:3:      layout_basic, hellmonk_ecumenical_altar_run_dry, uniq_terence
D:4:      dreamdust_elfheim, layout_cave_pods, mainiacjoe_overflow_alcove_1,
          uniq_duvessa
D:5:      layout_loops_corners, chequers_temple_overflow_minitemple, uniq_pikel

Skill      XL: |  1  2  3  4  5  6  7 |
---------------+----------------------+-----
Stealth        | 1 2 3 4 |  4.1
Fighting       | 3 4 5 6 |  6.1
Dodging        | 3 4 5 |  5.4
Ranged Weapons | 5 6 |  6.7

Action                     |  1- 3 |  4- 6 |  7- 9 || total
---------------------------+-------+-------+-------++-------
   Fire: Shortbow          |   111 |   130 |    57 ||   298
  Evoke: Wand              |       |       |     2 ||     2
    Use: Scroll            |     3 |    10 |     4 ||    17
         Potion            |       |     1 |     5 ||     6
 Armour: Leather armour    |    20 |     9 |     4 ||    33
         Skin              |       |    27 |       ||    27
  Dodge: Dodged            |    51 |    30 |    25 ||   106

Table legend: (Time is in decaauts)
 A = Elapsed time spent in this place.
 B = Non-inter-level travel time spent in this place.
 C = Inter-level travel time spent in this place.
 D = Time resting spent in this place.
 E = Time spent auto-exploring this place.
 F = Levels seen in this place.
 G = Mean time per level.
                   A        B        C        D        E       F      G
               +--------+--------+--------+--------+--------+-----+--------+
         Total |   4420 |   4086 |    334 |    206 |   3212 |   5 |  884.0 |
       Dungeon |   4420 |   4086 |    334 |    206 |   3212 |   5 |  884.0 |
               +--------+--------+--------+--------+--------+-----+--------+

Top non-repeatable levels by time:
     D:4: 1396 daAuts
     D:2: 1238 daAuts
     D:3: 978 daAuts
     D:1: 663 daAuts
     D:5: 142 daAuts

Table legend:
 A = Kills in this place as a percentage of kills in the entire game.
 B = Kills by you in this place as a percentage of kills by you in the entire game.
 C = Kills by friends in this place as a percentage of kills by friends in the entire game.
 D = Other kills in this place as a percentage of other kills in the entire game.
 E = Experience gained in this place as a percentage of experience gained in the entire game.
 F = Experience gained in this place divided by the number of levels of this place that you have seen.
                   A       B       C       D       E      F
               +-------+-------+-------+-------+-------+----------------------
         Total | 100.0 | 100.0 | 100.0 |   N/A | 100.0 | 293.0
       Dungeon | 100.0 | 100.0 | 100.0 |   N/A | 100.0 | 293.0
               +-------+-------+-------+-------+-------+----------------------
